 Dungeon Crawl Stone Soup version 0.31.0-12-g77e489cdc1 (webtiles) character file.

Game seed: 1267131676878702081

243 Silvore the Covered (level 5, -2/47 HPs)
             Began as a Minotaur Fighter on Feb 29, 2024.
             Slain by Grinder (7 damage)
             ... on level 3 of the Dungeon.
             The game lasted 00:03:44 (1617 turns).

Silvore the Covered (Minotaur Fighter)              Turns: 1617, Time: 00:03:45

Health: -2/47      AC:  7    Str: 23    XL:     5   Next: 82%
Magic:  4/4        EV: 10    Int:  5    God:
Gold:   127        SH:  4    Dex:  9    Spells: 4/4 levels left

rFire   . . .        a - +0 flail
rCold   . . .        c - +0 buckler
rNeg    . . .        b - +0 scale mail
rPois   .            (helmet restricted)
rElec   .            (no cloak)
rCorr   .            (no gloves)
SInv    .            (no boots)
Will    .....        (no amulet) Stlth
                     (no ring)
HPRegen 0.27/turn    (no ring)
MPRegen 0.09/turn

%: no passive effects
@: no status effects
A: horns 2, retaliatory headbutt
a: no special abilities


You were on level 3 of the Dungeon.
You visited 1 branch of the dungeon, and saw 4 of its levels.

You collected 127 gold pieces.

Inventory:

Hand Weapons
 a - a +0 flail (weapon)
Armour
 b - a +0 scale mail (worn)
 c - a +0 buckler (worn)
Scrolls
 e - 2 scrolls of amnesia
 f - 2 scrolls of identify
 g - a scroll of poison
 i - a scroll of blinking
Potions
 h - a potion of enlightenment
 j - a potion of resistance


   Skills:
 + Level 4.6 Fighting
 + Level 4.2 Maces & Flails
 + Level 5.4 Armour
 + Level 1.9 Dodging
 + Level 4.4 Shields


You had 4 spell levels left.
You didn't know any spells.
Your spell library contained the following spells:

 Spells                   Type           Power      Damage    Failure   Level
 Freeze                   Ice            0%         1d3       83%         1
 Frozen Ramparts          Ice            0%         1d1       99%         3
 Hailstorm                Conj/Ice       0%         3d5       99%         3
 Summon Forest            Summ/Tloc      0%         N/A       100%        5
 Eringya's Noxious Bog    Alch           0%         4d6       100%        6
 Summon Hydra             Summ           0%         N/A       100%        7


Dungeon Overview and Level Annotations

Branches:
Dungeon (4/15)
 Temple: D:4-7

Altars:
Qazlal
Sif Muna

Annotations:
D:3 Grinder


Innate Abilities, Weirdness & Mutations

You have a pair of horns on your head.
You reflexively headbutt those who attack you in melee.


Message History

The gnoll is heavily wounded.
The gnoll barely misses you. You furiously retaliate!
You headbutt the gnoll.
Grinder says, "Don't move a muscle."
You hit the gnoll.
You kill the gnoll!
The gnoll barely misses you.
You hit the gnoll. Your headbutt misses the gnoll.
The gnoll is lightly wounded.
Grinder blinks!
You block the gnoll's attack.
You barely miss the gnoll. You headbutt the gnoll!
The gnoll is almost dead.
You block the gnoll's attack.
You hit the gnoll.
You kill the gnoll!
Items here: $ )) ††.
Grinder hits you.
You writhe in agony.
You closely miss Grinder. Grinder barely misses you.
You closely miss Grinder. You headbutt Grinder.
Grinder is lightly wounded.
Grinder hits you.
You writhe in agony.
You closely miss Grinder. Your headbutt misses Grinder.
Grinder is lightly wounded.
Grinder hits you!
You writhe in agony.
Grinder gestures at you.
You suddenly lose the ability to move!
Grinder gestures at you. Pain shoots through your body!
* * * LOW HITPOINT WARNING * * *
You can move again.
You hit Grinder. Your headbutt misses Grinder.
Grinder is lightly wounded.
Grinder hits you.
* * * LOW HITPOINT WARNING * * *
You writhe in agony.
* * * LOW HITPOINT WARNING * * *
You closely miss Grinder.
Grinder is lightly wounded.
Grinder hits you!
You die...
Grinder says, "Now the real fun starts!"

#.# ##.#
#....###
#..#
#.....>#
#.##
#......#
#.#
#......
#.#
#.....
#.#
#....#
#.#
#..5.#
#.#
#..@.#
#.#
###$##
#.#
###.#
#.#
#...#
#)#
#.###
#.####.#
#.##...#
#.##.###
##.##.#


You could see Grinder.

Vanquished Creatures
  A bombardier beetle (D:4)
  Robin (D:3)
  10 gnolls
  2 adders (D:2)
  A dart slug (D:2)
  5 bats
  3 endoplasms
  5 giant cockroaches
  14 goblins
  12 hobgoblins
  5 kobolds
  5 quokkas
  7 ball pythons
  4 rats
75 creatures vanquished.

Notes
Turn   | Place    | Note
-------+----------+-------------------------------------------
     0 | D:1      | Silvore the Minotaur Fighter began the quest for the Orb.
     0 | D:1      | Reached XP level 1. HP: 19/19 MP: 0/0
   124 | D:1      | Reached XP level 2. HP: 27/27 MP: 1/1
   189 | D:1      | Found a faded altar of an unknown god.
   243 | D:1      | Reached skill level 4 in Armour
   432 | D:2      | Reached XP level 3. HP: 33/33 MP: 2/2
   543 | D:2      | Reached XP level 4. HP: 39/40 MP: 3/3
   701 | D:2      | Reached skill level 1 in Dodging
   844 | D:2      | Reached XP level 5. HP: 47/47 MP: 4/4
   940 | D:2      | You fall into a shaft and drop 2 floors!
   945 | D:4      | Found a stormy altar of Qazlal.
  1011 | D:4      | Reached skill level 5 in Armour
  1177 | D:3      | Found a shimmering blue altar of Sif Muna.
  1206 | D:3      | Noticed Robin
  1238 | D:3      | Killed Robin
  1596 | D:3      | Noticed Grinder
  1614 | D:3      | Paralysed by Grinder for 2 turns
  1617 | D:3      | Slain by Grinder

Illustrated notes

Levels and vault maps discovered:
D:1:      dpeg_arrival_snail, layout_rooms, chequers_ecumenical_altar_simple
D:2:      layout_rooms
D:3:      layout_rooms, overflow_temple_1_default,
          nicolae_elevator_lobby_asterisk, uniq_grinder, uniq_robin
D:4:      layout_rooms, lemuel_tele_altar, minmay_temple_entry_statues_pillars,
          serial_shops, nicolae_shop_tiny_real_fake_doors,
          minmay_misc_feat_hallway, grunt_ministairs_7,
          chequers_serial_rivers_micro_c

Skill      XL: |  1  2  3  4  5 |
---------------+----------------+-----
Fighting       | 4 |  4.6
Armour         | 4 5 |  5.4
Shields        | 4 |  4.4
Maces & Flails | 3 4 |  4.2
Dodging        | 1 |  1.9

Action                     |  1- 3 |  4- 6 || total
---------------------------+-------+-------++-------
  Melee: Flail             |    59 |    84 ||   143
         Headbutt          |    11 |    16 ||    27
    Use: Scroll            |     3 |     5 ||     8
         Potion            |       |     1 ||     1
 Armour: Scale mail        |    46 |    62 ||   108
  Dodge: Dodged            |    43 |    44 ||    87
  Block: Buckler           |    22 |    24 ||    46
